 Dungeon Crawl Stone Soup version 0.29.0-11-gd7f09526c8 (webtiles) character file.

Game seed: 5144021598245660119

86 Iusername the Covered (level 4, -1/40 HPs)
             Began as a Minotaur Fighter on Sept 6, 2022.
             Slain by an orc priest
             ... wielding a +2 war axe of freezing
              (3 damage)
             ... on level 3 of the Dungeon.
             The game lasted 00:03:49 (2245 turns).

Iusername the Covered (Minotaur Fighter)            Turns: 2245, Time: 00:03:49

Health: -1/40      AC:  8    Str: 21    XL:     4   Next: 26%
Magic:  3/3        EV:  9    Int:  7    God:
Gold:   78         SH:  4    Dex:  9    Spells: 3/3 levels left

rFire   . . .      SeeInvis .   w - +1 spear (venom)
rCold   . . .      Faith    .   b - +0 buckler
rNeg    . . .      Spirit   .   a - +0 scale mail
rPois   +          Reflect  .   (helmet restricted)
rElec   .          Harm     .   d - +0 cloak
rCorr   .          Rampage  .   (no gloves)
Will    .....                   (no boots)
Stlth   ..........              (no amulet)
HPRegen 0.13/turn               p - ring of poison resistance
MPRegen 0.08/turn               (no ring)

@: mighty
A: horns 2, retaliatory headbutt
a: no special abilities


You were on level 3 of the Dungeon.
You visited 1 branch of the dungeon, and saw 3 of its levels.

You collected 78 gold pieces.

Inventory:

Hand Weapons
 w - a +1 spear of venom (weapon)
Missiles
 s - 3 silver javelins (quivered)
Armour
 a - a +0 scale mail (worn)
 b - a +0 buckler (worn)
 d - a +0 cloak (worn)
Jewellery
 h - a ring of see invisible
 p - a ring of poison resistance (left hand)
 u - an amulet of faith
Scrolls
 f - a scroll of identify {unknown}
 g - a scroll of butterflies {unknown}
 k - a scroll of vulnerability {unknown}
 n - a scroll of summoning {unknown}
 r - a scroll of brand weapon {unknown}
 t - a scroll of enchant armour {unknown}
Potions
 c - a potion of might
 e - a potion of brilliance {unknown}
 j - a potion of attraction {unknown}
 l - a potion of heal wounds {unknown}
 m - 2 potions of cancellation {unknown}
 o - 2 potions of flight {unknown}
 q - 2 potions of lignification {unknown}
 v - a potion of resistance {unknown}


   Skills:
 + Level 4.1 Fighting
 + Level 0.2 Maces & Flails
 + Level 0.1 Throwing
 + Level 4.7 Armour
 + Level 0.5 Dodging
 + Level 4.3 Shields
 + Level 3.0 Unarmed Combat


You had 3 spell levels left.
You didn't know any spells.
Your spell library was empty.

Dungeon Overview and Level Annotations

Branches:
Dungeon (3/15)

Altars:


Innate Abilities, Weirdness & Mutations

You have a pair of horns on your head.
You reflexively headbutt those who attack you in melee.


Message History

No target in view!
No target in view!
No target in view!
No target in view!
An orc priest comes into view.
It is wielding a +2 war axe of freezing.
Items here: ( ))) [ †††.
An orc priest is nearby!
The orc priest shouts!
You closely miss the orc priest.
The orc priest hits you but does no damage.
You closely miss the orc priest.
The orc priest hits you with a +2 war axe of freezing!
The orc priest freezes you.
The orc priest invokes the aid of Beogh against you.
Pain shoots through your body!
You closely miss the orc priest. You headbutt the orc priest!
The orc priest is heavily wounded.
The orc priest hits you with a +2 war axe of freezing!
* * * LOW HITPOINT WARNING * * *
The orc priest freezes you.
* * * LOW HITPOINT WARNING * * *
You are too injured to fight recklessly!
You are too injured to fight recklessly!
You are too injured to fight recklessly!
You are too injured to fight recklessly!
You are too injured to fight recklessly!
You feel very mighty all of a sudden.
The orc priest hits you with a +2 war axe of freezing.
* * * LOW HITPOINT WARNING * * *
The orc priest freezes you.
* * * LOW HITPOINT WARNING * * *
You closely miss the orc priest.
The orc priest is heavily wounded.
The orc priest barely misses you.
You hit the orc priest.
The orc priest is poisoned.
The orc priest is almost dead.
The orc priest hits you with a +2 war axe of freezing.
* * * LOW HITPOINT WARNING * * *
The orc priest freezes you.
You die...

#.# ... .##..
.....###########
........##.....#
#.....##.....#
..#......).....#
......o@##>..###
##......##...#8##8##
.....#######........
.... #.....#8##8##
##. # #.#######
#.##.##.#### .#
#..........##.#
......#.......#
.####.#..###..#


You could see an orc priest (very poisoned).

Vanquished Creatures
  3 adders (D:2)
  A worm (D:2)
  2 dart slugs
  2 orcs (D:3)
  5 endoplasms
  4 giant cockroaches
  6 goblins
  5 hobgoblins
  3 kobolds
  A quokka (D:2)
  4 ball pythons
  2 bats (D:2)
  5 frilled lizards
  3 rats
46 creatures vanquished.

Notes
Turn   | Place    | Note
-------+----------+-------------------------------------------
     0 | D:1      | Iusername the Minotaur Fighter began the quest for the Orb.
     0 | D:1      | Reached XP level 1. HP: 19/19 MP: 0/0
   214 | D:1      | Reached XP level 2. HP: 27/27 MP: 1/1
   718 | D:2      | Reached XP level 3. HP: 33/33 MP: 2/2
  1110 | D:2      | Reached XP level 4. HP: 29/40 MP: 3/3
  2245 | D:3      | HP: 2/40 [orc priest/+2 war axe of freezing (6)]
  2245 | D:3      | Slain by an orc priest

Illustrated notes

Levels and vault maps discovered:
D:1:      psy_arrival_fountain, layout_basic, minmay_tetromino_i2
D:2:      layout_basic
D:3:      layout_loops_cross, amcnicky_mini_corridor_feature,
          minmay_misc_feat_x, uniq_natasha

Skill      XL: |  1  2  3 |
---------------+----------+-----
Armour         | 4 |  4.7
Shields        | 4 |  4.3
Fighting       | 4 |  4.1
Unarmed Combat | 3 |  3.0
Maces & Flails | |  0.2
Throwing       | |  0.1
Dodging        | |  0.5

Action                   |  1- 3 |  4- 6 || total
-------------------------+-------+-------++-------
Melee: Unarmed           |    22 |       ||    22
       Headbutt          |    16 |     4 ||    20
       Whip              |    66 |       ||    66
       Spear             |       |    32 ||    32
Throw: Javelin           |    10 |     2 ||    12
  Use: Scroll            |     1 |       ||     1
       Potion            |       |     1 ||     1
Armor: Scale mail        |    43 |     4 ||    47
Dodge: Dodged            |    42 |     4 ||    46
Block: Buckler           |    16 |     1 ||    17
